Map: Pylon LE

Players

Serral - Winner!

  • Race: Zerg Zerg
  • Spawn Location: 5:00

Classic

  • Race: Protoss Protoss
  • Spawn Location: 11:00

Event: Esports World Cup 2025

VOD

Have the link to the VOD?

Description

Time

  • Played on: July 25, 2025, 12:05 p.m.
  • Length: 11:01

All games in this series

Show
View Real Time Build Order
Export as new Build Order

Serral Zerg - Winner!

Build Orders: Hatch First 

Get SALT Encoding   

  12  0:00  Drone  
  13  0:08  Drone  
  13  0:14  Drone, Extractor  
  15  0:21  Overlord  
  15  0:42  Drone  
  16  0:45  Hatchery  
  16  0:49  Drone  
  16  0:52  Drone  
  16  0:56  Drone  
  18  1:06  Extractor  
  18  1:11  Spawning Pool  
  16  1:15  Drone  
  17  1:20  Drone  
  18  1:27  Drone  
  19  1:37  Drone  
  20  1:47  Drone  
  21  1:57  Queen x2  
  21  1:59  Zergling x2  
  26  2:02  Overlord  
  27  2:08  Drone  
  27  2:10  Drone  
  27  2:12  Metabolic Boost  
  28  2:20  Drone x2  
  30  2:29  Drone  
  31  2:33  Queen  
  33  2:42  Hatchery  
  32  2:45  Zergling x2  
  32  2:47  Overlord  
  32  2:50  Drone  
  34  2:53  Drone  
  34  2:57  Zergling x2  
  36  3:03  Overlord  
  36  3:08  Drone x4  
  40  3:12  Queen  
  40  3:17  Drone  
  43  3:20  Drone, Spore Crawler  
  43  3:26  Queen  
  45  3:28  Drone  
  45  3:30  Drone  
  47  3:36  Drone  
  47  3:40  Drone x3  
  51  3:44  Evolution Chamber  
  51  3:45  Zergling x2  
  51  3:46  Overlord  
  51  3:48  Drone  
  51  3:53  Spore Crawler  
  51  3:56  Overlord  
  51  3:58  Drone x3  
  51  4:00  Drone  
  55  4:04  Zergling x2  
  55  4:09  Drone  
  57  4:12  Zerg Melee Weapons Level 1  
  57  4:13  Drone x2  
  57  4:15  Drone  
  57  4:16  Drone  
  61  4:23  Extractor  
  61  4:24  Drone x4  
  63  4:25  Baneling Nest  
  63  4:27  Zergling x4  
  63  4:30  Spore Crawler  
  63  4:31  Drone  
  65  4:33  Drone  
  66  4:39  Drone x2  
  66  4:42  Drone x3  
  66  4:45  Overlord  
  71  4:46  Overlord  
  71  4:47  Zergling x6  
  74  5:03  Queen  
  74  5:04  Zergling x14  
  83  5:08  Hatchery  
  81  5:14  Baneling x8  
  81  5:16  Zergling x8  
  81  5:21  Overlord  
  85  5:22  Baneling x2  
  85  5:23  Zergling x8  
  85  5:26  Zergling x4  
  87  5:38  Drone  
  87  5:39  Queen  
  90  5:42  Lair  
  90  5:43  Zergling x6  
  90  5:44  Queen  
  90  5:48  Zergling x6  
  98  5:57  Overlord x4  
  98  5:58  Overlord  
  98  6:01  Overlord  
  97  6:10  Zergling x6  
  96  6:14  Zergling x6  
  96  6:17  Zergling x2  
  96  6:18  Zergling x6  
  102  6:25  Zergling x10  
  105  6:30  Drone x3, Zerg Missile Weapons Level 1  
  107  6:35  Drone  
  107  6:37  Drone  
  107  6:39  Drone  
  110  6:46  Hydralisk Den  
  110  6:47  Drone x9, Extractor  
  114  6:49  Drone  
  114  6:51  Drone  
  114  6:53  Drone x2  
  118  6:54  Hatchery  
  118  6:55  Centrifugal Hooks  
  118  6:57  Drone, Overseer  
  118  7:02  Drone x3  
  118  7:04  Drone x3  
  118  7:05  Baneling x4  
  118  7:07  Drone  
  115  7:09  Drone x3  
  115  7:14  Drone x4  
  118  7:16  Hydralisk, Extractor x2  
  118  7:17  Zergling x6, Extractor  
  120  7:24  Grooved Spines  
  120  7:26  Spore Crawler  
  120  7:29  Zergling x8, Extractor  
  122  7:32  Drone  
  122  7:33  Drone x2  
  122  7:34  Drone x2  
  122  7:36  Drone  
  128  7:38  Overlord  
  127  7:46  Hydralisk x2  
  127  7:47  Zergling x16  
  127  7:51  Overlord  
  137  7:52  Zergling x4  
  137  7:58  Overlord  
  139  7:59  Zergling x6  
  142  8:05  Hydralisk  
  142  8:06  Hydralisk x2, Zergling x2  
  142  8:07  Zergling x4  
  142  8:11  Zergling x10  
  155  8:14  Muscular Augments  
  155  8:15  Zergling x2  
  155  8:16  Zergling x8  
  157  8:20  Overlord  
  157  8:28  Hydralisk x8  
  157  8:32  Zergling x2  
  157  8:34  Baneling x4  
  173  8:38  Zergling x8  
  173  8:39  Zergling x10  
  173  8:41  Overlord x2  
  181  8:48  Hydralisk x4  
  183  8:53  Baneling x15  
  189  8:58  Overlord x2  
  189  9:05  Hydralisk x4  
  189  9:07  Zergling x4  
  197  9:12  Drone x3  
  199  9:17  Baneling x10  
  199  9:18  Baneling  
  199  9:24  Baneling x4  
  199  9:33  Zergling x2  
  199  9:34  Baneling x3  
  198  9:45  Zergling x36  
  194  9:49  Zergling x22  
  194  9:52  Zergling x2  
  193  9:54  Zergling x4  
  193  9:58  Zergling x4  
  187  10:00  Hydralisk  
  187  10:01  Hydralisk x4  
  187  10:05  Hydralisk x4  
  190  10:09  Zergling x2  
  190  10:10  Zergling x4  
  190  10:11  Extractor  
  190  10:12  Infestation Pit  
  190  10:14  Hydralisk x2  
  187  10:15  Zergling x6  
  189  10:22  Drone  
  189  10:25  Drone x3  
  189  10:26  Zergling x6  
  189  10:31  Zergling x14  
  176  10:37  Zergling x16  
Show
View Real Time Build Order
Export as new Build Order

Classic Protoss 

Build Orders: 1 Gate Expand, Oracle Opening, Zealot Archon 

Get SALT Encoding   

  12  0:00  Probe  
  13  0:12  Probe  
  14  0:19  Pylon  
  14  0:24  Probe  
  15  0:33  Probe  
  15  0:39  Gateway  
  15  0:41  Probe  
  16  0:46  Assimilator  
  17  0:51  Probe  
  18  1:03  Probe  
  19  1:15  Probe  
  20  1:24  Nexus  
  20  1:35  Cybernetics Core  
  20  1:37  Probe  
  21  1:43  Assimilator  
  21  1:49  Probe  
  22  1:55  Pylon  
  22  2:01  Probe  
  22  2:04  Adept  
  23  2:13  Stargate, Probe  
  26  2:23  Warp Gate  
  26  2:25  Probe  
  27  2:33  Probe  
  27  2:34  Probe  
  30  2:41  Probe  
  30  2:42  Probe  
  31  2:48  Adept  
  31  2:50  Probe  
  33  2:52  Probe  
  33  2:57  Oracle  
  38  3:02  Probe  
  38  3:04  Probe  
  40  3:07  Pylon  
  40  3:14  Probe  
  40  3:16  Probe  
  40  3:19  Gateway  
  42  3:27  Probe  
  43  3:28  Probe  
  43  3:30  Twilight Council  
  43  3:34  Oracle  
  44  3:39  Probe  
  44  3:40  Probe  
  49  3:49  Resonating Glaives  
  49  3:50  Nexus  
  49  3:53  Pylon  
  49  3:55  Probe  
  50  3:56  Probe  
  51  4:04  Gateway  
  51  4:06  Gateway  
  51  4:15  Assimilator  
  51  4:17  Assimilator, Adept  
  51  4:20  Adept  
  51  4:22  Probe  
  51  4:23  Probe  
  57  4:34  Probe  
  59  4:41  Adept  
  59  4:45  Pylon  
  61  4:49  Adept  
  62  4:55  Pylon  
  62  5:01  Probe x2  
  62  5:02  Probe, Adept x3  
  71  5:11  Adept  
  71  5:13  Probe x2  
  71  5:14  Probe, Robotics Facility  
  76  5:25  Probe x2, Adept  
  76  5:27  Adept x2  
  84  5:29  Pylon  
  84  5:34  Probe  
  84  5:35  Probe  
  84  5:36  Probe  
  84  5:38  Blink  
  84  5:40  Pylon  
  84  5:42  Probe  
  87  5:44  Probe x2  
  87  5:47  Shield Battery  
  90  5:50  Probe  
  90  5:52  Probe x2  
  93  6:02  Probe  
  93  6:04  Probe x2, Adept x4  
  90  6:21  Pylon  
  90  6:23  Probe x3  
  91  6:30  Forge, Templar Archives  
  91  6:35  Pylon, Probe x3  
  91  6:39  Assimilator  
  94  6:41  Assimilator, Stalker x4  
  94  6:43  Pylon, Warp Prism  
  98  6:47  Probe  
  98  6:48  Probe x2  
  103  6:57  Gateway  
  103  6:59  Gateway  
  97  7:08  Psionic Storm  
  97  7:12  Stalker x2  
  97  7:14  High Templar x2  
  97  7:15  Pylon  
  97  7:18  Protoss Ground Weapons Level 1, Archon, Photon Cannon  
  97  7:26  Observer, Probe x3  
  101  7:32  Gateway  
  101  7:33  Gateway  
  101  7:35  Photon Cannon  
  101  7:53  Immortal  
  101  7:54  Nexus  
  101  7:56  High Templar x3  
  101  7:57  Pylon, High Templar  
  109  7:59  Stalker x2  
  109  8:00  Probe x3  
  109  8:03  Pylon  
  118  8:14  Probe x2  
  118  8:17  Probe  
  121  8:22  Forge  
  121  8:24  Assimilator  
  121  8:27  Shield Battery, Assimilator  
  121  8:28  Photon Cannon  
  121  8:31  Probe  
  121  8:32  Probe x2, High Templar  
  121  8:33  High Templar  
  128  8:36  Photon Cannon  
  128  8:38  Shield Battery  
  128  8:39  High Templar x2  
  132  8:41  Pylon  
  132  8:42  Immortal  
  132  8:46  Archon  
  132  8:48  Protoss Shields Level 1  
  136  8:55  Gateway  
  136  8:57  Photon Cannon  
  136  9:00  Probe x2  
  136  9:01  Probe  
  139  9:12  Probe  
  139  9:13  Gateway  
  139  9:14  Immortal, High Templar x2  
  139  9:16  Photon Cannon  
  144  9:18  Photon Cannon  
  144  9:20  Shield Battery, Photon Cannon  
  144  9:21  Archon  
  144  9:22  Pylon  
  148  9:33  Stalker x3  
  148  9:34  Stalker  
  152  9:49  Archon  
  152  9:51  Stalker x2  
  152  9:52  Stalker x3  
  116  10:00  Stalker x8  
  116  10:06  Archon  
  89  10:23  Stalker x4, High Templar  
  89  10:24  Stalker x3  
  92  10:47  Stalker x2  
  92  10:48  Stalker x3  
Tags
 
Add a new tag
Caveats
  • Supply blocks, unpowered buildings, or Contaminate may cause inaccurate times.
  • Supply counts are checked every 10 seconds.